General information
- name: BNet
- type: Ladder team game (AT/RT)
- host: Battle.net
- saver: BEAR_AND
map: Highperch
- players: 6
- length: 80:52
- speed: Fast
- version: 1.21 W3XP
- replay type:

» download(499 KB)
Players
team 1 (loser)
CHINO_17 (
teal | 136 APM | 10958 actions | 80:50)
5 Far Seer
2 Feral Spirit
3 Chain Lighting
5 Shadow Hunter
2 Healing Wave
2 Hex
1 Serpent Ward
» actions
| Assign group hotkey | 79 | |
| Basic commands | 848 | |
| Build / train | 141 | |
| ESC pressed | 3 | |
| Enter build submenu | 25 | |
| Enter hero's abilities submenu | 10 | |
| Give item / drop item | 6 | |
| Remove unit from queue | 3 | |
| Right click | 2199 | |
| Select / deselect | 1478 | |
| Select group hotkey | 5934 | |
| Use ability | 232 | |
10958 total
» units
| Peon | 9 | |
| Grunt | 9 | |
| Demolisher | 19 | |
| Shaman | 18 | |
| Troll Batrider | 26 | |
| Wind Rider | 1 | |
82 total
» upgrades
| Berserker Strength | 1 | |
| Burning Oil | 1 | |
| Reinforced Defenses | 1 | |
| Shaman Training | 2 | |
5 total
» buildings
| Altar of Storms | 1 | |
| Orc Burrow | 9 | |
| Barracks | 2 | |
| Stronghold | 5 | |
| Voodoo Lounge | 1 | |
| War Mill | 1 | |
| Fortress | 7 | |
| Spirit Lodge | 1 | |
| Watch Tower | 5 | |
| Great Hall | 1 | |
| Beastiary | 2 | |
35 total
» build order
00:06 Altar of Storms
00:15 Orc Burrow
00:44 Barracks
01:36 Orc Burrow
02:42 Stronghold
02:43 Stronghold
02:43 Stronghold
02:43 Stronghold
03:31 Voodoo Lounge
04:30 War Mill
04:44 Orc Burrow
07:27 Fortress
07:27 Fortress
07:28 Fortress
07:28 Fortress
08:13 Orc Burrow
08:33 Spirit Lodge
10:11 Barracks
10:47 Watch Tower
10:49 Watch Tower
10:51 Watch Tower
10:58 Watch Tower
12:26 Watch Tower
12:38 Orc Burrow
18:15 Orc Burrow
19:24 Orc Burrow
22:55 Great Hall
23:04 Orc Burrow
23:06 Orc Burrow
31:48 Beastiary
31:49 Beastiary
» items
| Healing Salve | 1 | |
| Lesser Clarity Potion | 1 | |
| Potion of Healing | 1 | |
| Scroll of Speed | 1 | |
| Potion of Mana | 2 | |
6 total

»
Dark)keeP3R (
green | 102 APM | 5153 actions | 50:17)
6 Priestess of the Moon
2 Scout
3 Trueshot Aura
1 Starfall
1 Goblin Tinker
1 Pocket Factory
» actions
| Assign group hotkey | 45 | |
| Basic commands | 70 | |
| Build / train | 122 | |
| ESC pressed | 4 | |
| Enter build submenu | 19 | |
| Enter hero's abilities submenu | 7 | |
| Give item / drop item | 7 | |
| Remove unit from queue | 1 | |
| Right click | 2025 | |
| Select / deselect | 683 | |
| Select group hotkey | 1949 | |
| Use ability | 221 | |
5153 total
» units
| Wisp | 44 | |
| Huntress | 2 | |
| Hippogryph | 8 | |
| Archer | 3 | |
| Chimaera | 15 | |
72 total
» upgrades
| Corrosive Breath | 1 | |
| Improved Bows | 1 | |
| Marksmanship | 1 | |
| Reinforced Hides | 3 | |
| Strength of the Wild | 3 | |
| Nature's Blessing | 1 | |
| Well Spring | 1 | |
| Ultravision | 1 | |
12 total
» buildings
| Altar of Elders | 1 | |
| Moon Well | 8 | |
| Ancient of War | 2 | |
| Hunter's Hall | 1 | |
| Tree of Ages | 4 | |
| Tree of Life | 1 | |
| Ancient of Wind | 2 | |
| Tree of Eternity | 4 | |
| Chimaera Roost | 3 | |
| Ancient of Wonders | 1 | |
| Ancient Protector | 2 | |
29 total
» build order
00:08 Altar of Elders
00:19 Moon Well
01:57 Ancient of War
01:58 Ancient of War
02:01 Hunter's Hall
02:28 Moon Well
02:31 Moon Well
04:38 Tree of Ages
04:39 Tree of Ages
04:39 Tree of Ages
05:57 Tree of Life
07:50 Ancient of Wind
08:19 Moon Well
09:14 Tree of Eternity
09:14 Tree of Eternity
09:21 Moon Well
09:29 Ancient of Wind
11:38 Chimaera Roost
11:40 Chimaera Roost
11:41 Chimaera Roost
12:35 Moon Well
13:20 Ancient of Wonders
14:53 Moon Well
17:25 Moon Well
23:25 Ancient Protector
23:26 Ancient Protector
» items
| Lesser Clarity Potion | 1 | |
| Orb of Lightning | 5 | |
| Potion of Lesser Invulnerability | 1 | |
| Scroll of Healing | 3 | |
| Scroll of Protection | 2 | |
| Boots of Speed | 1 | |
| Staff of Teleportation | 1 | |
14 total
XxShiRuxX. (
red | 112 APM | 5587 actions | 49:56)
6 Death Knight
3 Death Coil
2 Unholy Aura
1 Animate Dead
5 Lich
3 Frost Nova
2 Dark Ritual
» actions
| Assign group hotkey | 81 | |
| Basic commands | 763 | |
| Build / train | 85 | |
| Enter build submenu | 23 | |
| Enter hero's abilities submenu | 11 | |
| Give item / drop item | 9 | |
| Right click | 1818 | |
| Select / deselect | 812 | |
| Select group hotkey | 1823 | |
| Use ability | 161 | |
5587 total
» units
| Acolyte | 6 | |
| Ghoul | 6 | |
| Crypt Fiend | 11 | |
| Obsidian Statue | 12 | |
| Frost Wyrm | 9 | |
| Meatwagon | 8 | |
52 total
» upgrades
| Burrow | 1 | |
| Destroyer Form | 1 | |
| Web | 1 | |
| Creature Carapace | 1 | |
| Freezing Breath | 1 | |
5 total
» buildings
| Graveyard | 1 | |
| Crypt | 1 | |
| Altar of Darkness | 1 | |
| Ziggurat | 9 | |
| Tomb of Relics | 2 | |
| Halls of the Dead | 5 | |
| Nerubian Tower | 1 | |
| Slaughterhouse | 1 | |
| Black Citadel | 1 | |
| Sacrificial Pit | 1 | |
| Boneyard | 1 | |
24 total
» build order
00:09 Graveyard
00:17 Crypt
00:56 Altar of Darkness
00:59 Ziggurat
01:16 Tomb of Relics
01:18 Tomb of Relics
02:03 Ziggurat
03:38 Halls of the Dead
03:38 Halls of the Dead
03:38 Halls of the Dead
04:29 Ziggurat
04:31 Nerubian Tower
06:59 Slaughterhouse
07:01 Black Citadel
07:07 Ziggurat
09:42 Sacrificial Pit
09:45 Ziggurat
11:35 Boneyard
12:37 Ziggurat
13:56 Ziggurat
13:57 Ziggurat
16:04 Ziggurat
» items
| Rod of Necromancy | 2 | |
| Dust of Appearance | 1 | |
| Potion of Healing | 1 | |
| Orb of Corruption | 1 | |
| Staff of Teleportation | 1 | |
6 total
team 2 (winner)
BEAR_AND (
purple | 71 APM | 5729 actions | 80:52)
7 Blademaster
3 Wind Walk
3 Critical Strike
1 Bladestorm
» actions
| Assign group hotkey | 16 | |
| Basic commands | 26 | |
| Build / train | 68 | |
| Enter build submenu | 33 | |
| Enter hero's abilities submenu | 7 | |
| Give item / drop item | 3 | |
| Remove unit from queue | 8 | |
| Right click | 4148 | |
| Select / deselect | 583 | |
| Select group hotkey | 602 | |
| Use ability | 233 | |
5729 total
» units
» upgrades
| Ranged Weapons | 2 | |
| Armor | 1 | |
| Liquid Fire | 1 | |
4 total
» buildings
| Altar of Storms | 2 | |
| War Mill | 1 | |
| Orc Burrow | 6 | |
| Watch Tower | 18 | |
| Voodoo Lounge | 3 | |
| Stronghold | 1 | |
| Beastiary | 2 | |
| Fortress | 1 | |
34 total
» build order
00:05 Altar of Storms
00:09 War Mill
00:21 Orc Burrow
01:55 Watch Tower
02:29 Voodoo Lounge
02:34 Voodoo Lounge
02:52 Watch Tower
02:55 Watch Tower
03:22 Watch Tower
04:03 Watch Tower
04:06 Watch Tower
04:10 Watch Tower
04:36 Watch Tower
04:49 Stronghold
06:48 Orc Burrow
07:11 Watch Tower
07:14 Beastiary
07:17 Beastiary
07:22 Watch Tower
07:29 Orc Burrow
09:04 Watch Tower
09:07 Watch Tower
09:19 Watch Tower
09:52 Orc Burrow
10:23 Fortress
11:01 Watch Tower
17:00 Voodoo Lounge
18:43 Watch Tower
18:44 Watch Tower
18:50 Watch Tower
19:38 Watch Tower
21:57 Orc Burrow
22:51 Orc Burrow
23:07 Altar of Storms
» items
| Healing Salve | 4 | |
| Lesser Clarity Potion | 8 | |
| Orb of Lightning | 1 | |
| Staff of Teleportation | 1 | |
14 total
iggy_the_fisk (
blue | 62 APM | 5043 actions | 80:51)
3 Mountain King
2 Storm Bolt
1 Bash
5 Paladin
3 Holy Light
2 Divine Shield
3 Goblin Tinker
1 Pocket Factory
2 Cluster Rockets
» actions
| Assign group hotkey | 347 | |
| Basic commands | 3 | |
| Build / train | 113 | |
| Enter build submenu | 61 | |
| Enter hero's abilities submenu | 12 | |
| Give item / drop item | 7 | |
| Right click | 3083 | |
| Select / deselect | 434 | |
| Select group hotkey | 695 | |
| Use ability | 287 | |
5043 total
» units
| Peasant | 20 | |
| Dragonhawk Rider | 14 | |
34 total
» upgrades
| Masonry | 3 | |
| Lumber Harvesting | 2 | |
| Magic Sentry | 1 | |
| Animal War Training | 1 | |
| Swords | 2 | |
| Armor | 2 | |
11 total
» buildings
| Altar of Kings | 1 | |
| Lumber Mill | 1 | |
| Farm | 7 | |
| Scout Tower | 51 | |
| Arcane Tower | 2 | |
| Guard Tower | 30 | |
| Arcane Vault | 1 | |
| Keep | 1 | |
| Town Hall | 1 | |
| Castle | 1 | |
| Arcane Sanctum | 1 | |
| Gryphon Aviary | 1 | |
| Barracks | 1 | |
| Blacksmith | 1 | |
100 total
» build order
00:05 Altar of Kings
00:08 Lumber Mill
00:19 Farm
01:21 Scout Tower
01:27 Farm
01:49 Arcane Tower
01:51 Scout Tower
02:19 Guard Tower
02:20 Guard Tower
02:22 Scout Tower
02:25 Scout Tower
02:50 Guard Tower
02:52 Scout Tower
03:13 Scout Tower
03:14 Guard Tower
03:15 Guard Tower
04:24 Guard Tower
04:26 Scout Tower
04:31 Scout Tower
04:58 Guard Tower
05:01 Arcane Vault
05:09 Guard Tower
05:10 Scout Tower
05:17 Keep
05:51 Guard Tower
05:53 Scout Tower
06:32 Town Hall
06:40 Guard Tower
06:45 Scout Tower
07:01 Scout Tower
07:03 Scout Tower
08:27 Castle
08:34 Scout Tower
08:35 Scout Tower
08:37 Scout Tower
08:37 Scout Tower
08:39 Arcane Sanctum
09:41 Guard Tower
09:45 Guard Tower
09:59 Guard Tower
09:59 Guard Tower
09:59 Guard Tower
10:23 Scout Tower
10:25 Guard Tower
11:36 Guard Tower
11:37 Scout Tower
11:39 Scout Tower
12:36 Guard Tower
12:37 Scout Tower
12:51 Scout Tower
12:51 Scout Tower
13:40 Guard Tower
13:41 Guard Tower
13:43 Scout Tower
13:44 Scout Tower
13:45 Scout Tower
13:46 Guard Tower
14:02 Scout Tower
14:03 Scout Tower
14:10 Gryphon Aviary
14:15 Barracks
14:18 Blacksmith
14:36 Guard Tower
14:38 Guard Tower
16:53 Farm
16:54 Farm
19:12 Scout Tower
19:13 Scout Tower
19:17 Guard Tower
19:44 Guard Tower
19:44 Guard Tower
19:46 Scout Tower
19:48 Scout Tower
20:24 Scout Tower
20:25 Scout Tower
20:37 Scout Tower
20:47 Farm
21:09 Scout Tower
21:09 Scout Tower
21:37 Farm
21:42 Scout Tower
22:08 Scout Tower
22:09 Scout Tower
22:10 Scout Tower
22:10 Scout Tower
22:11 Scout Tower
22:13 Guard Tower
22:44 Farm
22:46 Guard Tower
22:49 Scout Tower
22:50 Scout Tower
22:50 Scout Tower
23:34 Guard Tower
24:25 Guard Tower
24:27 Scout Tower
24:27 Scout Tower
24:28 Scout Tower
24:30 Scout Tower
24:31 Scout Tower
25:27 Arcane Tower
» items
| Healing Salve | 4 | |
| Lesser Clarity Potion | 5 | |
| Scroll of Town Portal | 4 | |
| Boots of Speed | 2 | |
| Staff of Teleportation | 2 | |
| Staff of Sanctuary | 2 | |
| Orb of Lightning | 1 | |
20 total
TIMG4STRok (
pink | 75 APM | 6047 actions | 80:51)
5 Archmage
1 Blizzard
1 Brilliance Aura
3 Summon Water Elemental
4 Mountain King
2 Storm Bolt
2 Bash
3 Paladin
2 Holy Light
1 Divine Shield
» actions
| Assign group hotkey | 15 | |
| Basic commands | 71 | |
| Build / train | 146 | |
| ESC pressed | 6 | |
| Enter build submenu | 100 | |
| Enter hero's abilities submenu | 12 | |
| Give item / drop item | 10 | |
| Right click | 3100 | |
| Select / deselect | 402 | |
| Select group hotkey | 1717 | |
| Use ability | 467 | |
6047 total
» units
| Peasant | 18 | |
| Dragonhawk Rider | 24 | |
42 total
» upgrades
| Masonry | 3 | |
| Lumber Harvesting | 2 | |
| Magic Sentry | 1 | |
| Armor | 2 | |
| Swords | 1 | |
| Cloud | 1 | |
| Animal War Training | 1 | |
11 total
» buildings
| Lumber Mill | 3 | |
| Altar of Kings | 2 | |
| Farm | 13 | |
| Scout Tower | 87 | |
| Arcane Tower | 2 | |
| Guard Tower | 42 | |
| Keep | 2 | |
| Town Hall | 2 | |
| Arcane Sanctum | 1 | |
| Castle | 1 | |
| Arcane Vault | 6 | |
| Blacksmith | 1 | |
| Barracks | 1 | |
| Gryphon Aviary | 2 | |
165 total
» build order
00:11 Lumber Mill
00:41 Altar of Kings
00:43 Farm
01:21 Scout Tower
01:46 Scout Tower
01:47 Arcane Tower
01:49 Scout Tower
01:51 Farm
02:15 Guard Tower
02:26 Guard Tower
02:40 Scout Tower
02:42 Scout Tower
03:23 Guard Tower
03:25 Scout Tower
03:25 Scout Tower
04:13 Guard Tower
04:15 Scout Tower
04:16 Scout Tower
04:35 Keep
04:55 Guard Tower
05:02 Scout Tower
05:03 Scout Tower
05:04 Scout Tower
05:23 Guard Tower
05:32 Guard Tower
06:10 Guard Tower
06:12 Scout Tower
06:12 Scout Tower
06:44 Guard Tower
06:47 Scout Tower
06:48 Scout Tower
08:05 Town Hall
08:10 Scout Tower
08:10 Scout Tower
08:17 Scout Tower
08:18 Scout Tower
09:15 Guard Tower
09:17 Guard Tower
09:19 Scout Tower
09:20 Scout Tower
09:21 Scout Tower
09:22 Scout Tower
09:25 Guard Tower
10:29 Arcane Sanctum
10:46 Guard Tower
11:08 Guard Tower
11:54 Castle
11:56 Guard Tower
12:30 Guard Tower
12:33 Arcane Vault
12:34 Arcane Vault
12:39 Scout Tower
12:42 Farm
12:45 Blacksmith
12:47 Barracks
12:50 Gryphon Aviary
13:49 Arcane Vault
13:56 Guard Tower
14:11 Scout Tower
15:29 Guard Tower
16:40 Scout Tower
16:41 Scout Tower
16:41 Scout Tower
16:42 Scout Tower
16:43 Scout Tower
16:43 Scout Tower
17:54 Guard Tower
17:59 Scout Tower
17:59 Scout Tower
18:00 Scout Tower
18:01 Scout Tower
18:05 Guard Tower
18:30 Guard Tower
18:45 Guard Tower
19:13 Guard Tower
19:16 Scout Tower
19:16 Scout Tower
19:17 Scout Tower
19:18 Scout Tower
20:03 Scout Tower
20:04 Scout Tower
20:04 Scout Tower
20:07 Scout Tower
20:07 Scout Tower
20:41 Arcane Vault
20:44 Scout Tower
20:44 Scout Tower
20:45 Scout Tower
20:52 Farm
20:53 Farm
20:59 Scout Tower
21:00 Scout Tower
21:01 Scout Tower
21:01 Scout Tower
21:04 Guard Tower
21:39 Guard Tower
24:39 Lumber Mill
28:03 Guard Tower
28:28 Town Hall
28:38 Scout Tower
28:39 Scout Tower
29:35 Lumber Mill
30:45 Guard Tower
30:50 Scout Tower
30:51 Scout Tower
30:52 Scout Tower
31:02 Scout Tower
31:03 Scout Tower
31:06 Scout Tower
31:08 Scout Tower
31:11 Scout Tower
31:12 Scout Tower
31:19 Guard Tower
31:44 Farm
31:46 Guard Tower
31:57 Guard Tower
31:57 Guard Tower
32:38 Altar of Kings
33:22 Guard Tower
33:46 Farm
33:57 Scout Tower
33:58 Scout Tower
33:59 Scout Tower
34:00 Scout Tower
34:26 Farm
34:31 Guard Tower
34:33 Keep
34:57 Guard Tower
35:01 Scout Tower
35:02 Scout Tower
35:04 Scout Tower
35:06 Scout Tower
35:06 Scout Tower
35:07 Scout Tower
35:19 Scout Tower
35:20 Scout Tower
35:21 Scout Tower
35:27 Scout Tower
35:28 Scout Tower
35:29 Scout Tower
35:37 Guard Tower
35:56 Guard Tower
35:59 Guard Tower
36:13 Scout Tower
36:15 Scout Tower
36:30 Scout Tower
36:31 Scout Tower
36:45 Arcane Tower
38:03 Arcane Vault
38:19 Gryphon Aviary
38:25 Farm
38:34 Guard Tower
39:19 Farm
39:24 Arcane Vault
41:45 Farm
43:12 Scout Tower
43:21 Scout Tower
43:21 Scout Tower
43:58 Farm
44:12 Guard Tower
44:21 Guard Tower
45:08 Guard Tower
45:27 Farm
» items
| Staff of Teleportation | 2 | |
| Boots of Speed | 2 | |
| Lesser Clarity Potion | 3 | |
| Healing Salve | 2 | |
| Potion of Invisibility | 2 | |
| Staff of Sanctuary | 3 | |
| Orb of Lightning | 2 | |
| Potion of Healing | 3 | |
| Potion of Mana | 2 | |
| Ivory Tower | 3 | |
| Potion of Lesser Invulnerability | 1 | |
| Scroll of Town Portal | 2 | |
27 total
Chat log
(00:19 / All) TIMG4STRok: good lucker
(00:55 / All) TIMG4STRok: i said, good lucker and have fun sötis
(01:06 / All) TIMG4STRok: hej sötissimo och spelar niet ich
(02:13 / All) XxShiRuxX.: iggy?
(02:17 / All) iggy_the_fisk: hio
(02:22 / All) TIMG4STRok: the fuck you wanté
(02:26 / All) iggy_the_fisk: speak
(02:29 / All) iggy_the_fisk: i allow it
(02:30 / All) iggy_the_fisk: briefly
(02:37 / All) iggy_the_fisk: time's up
(02:38 / All) iggy_the_fisk: silence
(02:50 / All) XxShiRuxX.: fuck your mother
(02:51 / All) TIMG4STRok: i humbly request audience with U von iggy
(02:55 / All) TIMG4STRok: gallinas
(02:57 / All) iggy_the_fisk: Begone owl
(02:59 / All) iggy_the_fisk: runaway train...
(03:10 / All) iggy_the_fisk: and never come back
(04:18 / All) iggy_the_fisk: goodbajs
(04:31 / All) TIMG4STRok: fat american eat so many hamburgers, clög bnandwidth
(04:39 / All) TIMG4STRok: gay laggen
(04:40 / All) iggy_the_fisk: yo does the runaway train ever come back??
(04:58 / All) TIMG4STRok: flee fat fat
(05:04 / All) iggy_the_fisk: FAT
(07:11 / All) TIMG4STRok: Fat seer begone
(07:19 / All) XxShiRuxX.: caya hijo de puta
(07:26 / All) TIMG4STRok: no yoiu shut the fuck up
(07:27 / All) TIMG4STRok: Retard spic
(07:54 / All) TIMG4STRok: Fat brazillian whore gallinas
(08:53 / All) TIMG4STRok: RETARD
(08:54 / All) BEAR_AND: NMICE
(08:55 / All) BEAR_AND: NIC
(08:57 / All) BEAR_AND: NICE
(09:02 / All) iggy_the_fisk: aargh tacos in myeeys
(14:28 / All) iggy_the_fisk: NOOOOB
(17:20 / All) iggy_the_fisk: sweet play
(17:22 / All) iggy_the_fisk: Spicnoob
(20:31 / All) Dark)keeP3R: nooba?
(25:15 / All) CHINO_17: ooooooooooooooooooooooooooooooo
(25:23 / All) CHINO_17: oooooooooooooooooooooooooooooo
(27:42 / All) CHINO_17: gg
(27:49 / All) CHINO_17: GG
(28:28 / All) Dark)keeP3R: gg noobs
(28:30 / All) Dark)keeP3R: leave plz
(28:32 / All) iggy_the_fisk: bye bitch
(28:34 / All) iggy_the_fisk: leave
(28:38 / All) Dark)keeP3R: bye
(28:42 / All) Dark)keeP3R: raped xD
(30:34 / All) Dark)keeP3R: ^^''
(30:37 / All) TIMG4STRok: fucK YOU!
(30:51 / All) iggy_the_fisk: get bent
(30:54 / All) iggy_the_fisk: (like the tacos)
(31:00 / All) iggy_the_fisk: (you bend for 5 peso an hour)
(31:08 / All) CHINO_17: hijos de puta abandonen
(31:26 / All) iggy_the_fisk: hi i speak language of the poor brown man
(33:20 / All) iggy_the_fisk: smarte
(33:23 / All) iggy_the_fisk: smarte tacoman
(33:25 / All) BEAR_AND: good moves
(33:28 / All) BEAR_AND: i like your plan
(37:43 / All) iggy_the_fisk: how you doing burritobreath
(38:55 / All) CHINO_17: zzzzzzzzzzzzzzzzzzz
(38:57 / All) CHINO_17: zzzzzzzzzzzzzzz
(39:00 / All) iggy_the_fisk: NOOOOOOOOOOOOOOOOOOOOOB
(39:02 / All) CHINO_17: zzzzzzzzzzzzzzzzzz
(39:02 / All) iggy_the_fisk: go sleep
(39:04 / All) BEAR_AND: brazzzzzzzzzzil shits
(39:04 / All) iggy_the_fisk: mexican
(39:05 / All) iggy_the_fisk: siesta time
(39:13 / All) CHINO_17: zzzzzzzzzzzzzzzzz i am peruano
(39:14 / All) XxShiRuxX.: :o
(39:16 / All) iggy_the_fisk: Oh i so sleepy and poor
(39:17 / All) XxShiRuxX.: GAYS
(39:23 / All) iggy_the_fisk: attention no one with money cares
(39:25 / All) CHINO_17: zzzzzzzzzz fy
(39:25 / All) iggy_the_fisk: you're all the same
(40:22 / All) iggy_the_fisk: NOOOB
(40:24 / All) iggy_the_fisk: NOOB
(40:25 / All) iggy_the_fisk: NOOOB
(40:25 / All) Dark)keeP3R: piedad
(40:26 / All) iggy_the_fisk: NOOOB
(40:27 / All) iggy_the_fisk: NOOB
(43:06 / All) Dark)keeP3R: estan rodeados
(43:09 / All) Dark)keeP3R: se rinden?
(43:15 / All) TIMG4STRok: shjut the fuck up trash
(43:20 / All) iggy_the_fisk: BYE
(43:31 / All) iggy_the_fisk: america is great
(43:35 / All) iggy_the_fisk: down red
(43:43 / All) iggy_the_fisk: one man one vote
(43:44 / All) CHINO_17: u from ´`
(43:51 / All) CHINO_17: gays
(44:12 / All) CHINO_17: u from
(44:15 / All) iggy_the_fisk: no surprise mexican intolerant scum
(44:22 / All) iggy_the_fisk: can't stand homosexuals, catholic trash
(44:24 / All) iggy_the_fisk: leave this game
(44:31 / All) iggy_the_fisk: go protest against condoms huahuah
(46:21 / All) Dark)keeP3R: tenemos quimeras
(46:24 / All) Dark)keeP3R: ya se cagaron !
(47:14 / All) Dark)keeP3R: estan ahi?
(47:23 / All) BEAR_AND: english......
(47:53 / All) CHINO_17: ta mos en qiebra
(50:00 / All) iggy_the_fisk: NOOOBS
(50:01 / All) iggy_the_fisk: NOOOBS
(50:01 / All) iggy_the_fisk: NOOOBS
(50:02 / All) iggy_the_fisk: NOOOBS
(50:03 / All) iggy_the_fisk: NOOOBS
(50:04 / All) iggy_the_fisk: NOOOBS
(50:07 / All) TIMG4STRok: gg
(50:09 / All) TIMG4STRok: leave
(50:09 / All) iggy_the_fisk: BYE
(50:10 / All) TIMG4STRok: vaminos
(50:15 / All) BEAR_AND: put a egg in your shoe
(50:16 / All) Dark)keeP3R: mi amigo noob
(50:17 / Allies) BEAR_AND: and BEAT IT
(50:20 / All) BEAR_AND: and BEAT IT
(51:57 / All) BEAR_AND: chino 17
(52:06 / All) BEAR_AND: filth of south america
(57:37 / All) iggy_the_fisk: hey noob
(57:41 / All) iggy_the_fisk: u still here
(60:36 / All) iggy_the_fisk: how about you leave puta
(60:40 / All) iggy_the_fisk: gringo
(60:46 / All) iggy_the_fisk: or you a noob?
(61:20 / All) iggy_the_fisk: nope
(61:21 / All) iggy_the_fisk: Noob
(62:30 / All) iggy_the_fisk: you will lose
(62:31 / All) iggy_the_fisk: bye
(62:54 / All) CHINO_17: jajajajajaja
(62:56 / All) CHINO_17: gays
(63:00 / All) iggy_the_fisk: bye noob
(63:05 / All) BEAR_AND: excuse me....
(63:09 / All) iggy_the_fisk: how it feel to lose this bad
(63:38 / All) iggy_the_fisk: Nope
(63:39 / All) iggy_the_fisk: noob
(63:41 / All) iggy_the_fisk: keep trying
(64:46 / All) iggy_the_fisk: nope
(65:30 / All) iggy_the_fisk: nope
(65:30 / All) iggy_the_fisk: Noob
(67:02 / All) CHINO_17: zzzzzzzzzzzzzzz
(67:07 / All) iggy_the_fisk: bye noob
(67:09 / All) iggy_the_fisk: go 2 sleep
(67:10 / All) BEAR_AND: zzzzzzzzzzzzzzzzz you suck shit leave
(67:11 / All) CHINO_17: uropeo noob
(67:14 / All) iggy_the_fisk: we'll take care of u
(67:20 / All) iggy_the_fisk: hmmm who win? i win
(67:21 / All) CHINO_17: you z
(67:32 / All) TIMG4STRok: i clean my cat shit, as you lose a game
(67:34 / All) TIMG4STRok: enjoy brasil
(67:36 / All) iggy_the_fisk: you sit in ecuador and lose game and polish tortilla for money
(67:51 / All) iggy_the_fisk: shine tortilla 10 cent plz american pay me
(69:36 / All) BEAR_AND: retard noob
(71:00 / All) BEAR_AND: Shit Noob hahahahahhahahah
(71:00 / All) iggy_the_fisk: NOPE
(71:10 / All) iggy_the_fisk: again you lose unit + building and kill nothing
(71:14 / All) iggy_the_fisk: how do you think it will end?
(71:22 / All) iggy_the_fisk: bye
(71:37 / All) iggy_the_fisk: OOOPS other end of the map
(71:40 / All) iggy_the_fisk: run run
(72:08 / All) iggy_the_fisk: nope
(72:13 / All) iggy_the_fisk: more units lost, nothing killed
(73:22 / All) BEAR_AND: TY
(73:27 / All) BEAR_AND: i thank ye
(73:56 / All) iggy_the_fisk: nope
(75:44 / All) iggy_the_fisk: why do your friends play with you
(75:44 / All) BEAR_AND: what a noob
(75:47 / All) iggy_the_fisk: they're smart enough to leave
(76:08 / All) BEAR_AND: can you even speak english, the most important language on the planet?
(76:19 / All) BEAR_AND: inglesias?
(76:27 / All) CHINO_17: i am not inglish
(76:33 / All) BEAR_AND: You are shit noob
(76:37 / All) CHINO_17: i am not english
(76:46 / All) CHINO_17: i am sudamericano
(76:54 / All) CHINO_17: peruano cuzco
(77:05 / All) CHINO_17: u español
(77:10 / All) TIMG4STRok: ok shit noob im back retard spic
(77:12 / All) CHINO_17: español universal
(77:13 / All) TIMG4STRok: no
(77:16 / All) TIMG4STRok: no spanish
(77:31 / All) CHINO_17: tu tambien cabro
(77:35 / All) CHINO_17: de mierda
(77:43 / All) CHINO_17: no saben jugar
(77:44 / All) CHINO_17: ´
(77:55 / All) CHINO_17: you lose player
(79:41 / All) BEAR_AND: where are your fiends....?
(79:53 / All) CHINO_17: yes man
(79:55 / All) BEAR_AND:
(79:57 / All) CHINO_17: m<<sms
(80:46 / All) BEAR_AND: run
(80:49 / All) BEAR_AND: leave